 Dungeon Crawl Stone Soup version 0.24-a0-809-g71cb82dfb8 (webtiles) character file.

Game seed: 17922384524204606956, levelgen mode: deterministic

112396 Johnny the Earth Mage (level 15, -3/157 HPs)
             Began as a Demigod Earth Elementalist on Oct 10, 2019.
             Slain by a jumping spider (4 damage)
             ... on level 2 of the Spider Nest on Oct 11, 2019.
             The game lasted 00:58:25 (33939 turns).

Johnny the Earth Mage (Demigod Earth Elementalist) Turns: 33939, Time: 00:58:26

Health: -3/157     AC: 30    Str: 16      XL:     15   Next: 63%
Magic:  1/46       EV: 11    Int: 34 (36) God:
Gold:   1540       SH:  0    Dex: 17 (21) Spells: 7/41 levels left

rFire    . . .     SeeInvis .   p - +3 war axe (venom)
rCold    . . .     Gourm    .   (no shield)
rNeg     + . .     Faith    .   (armour currently unavailable)
rPois    ∞         Spirit   .   i - +0 helmet
rElec    +         Reflect  .   F - scarf {repulsion}
rCorr    .         Harm     .   (gloves currently unavailable)
MR       +....                  (boots currently unavailable)
Stlth    +++.......             v - amulet "Kuwkeir" {Acrobat Int+4}
HPRegen  0.36/turn              N - ring of magical power
MPRegen  0.30/turn              Z - +3 ring of intelligence

@: mighty, agile, statue-form (expiring), held, hasted, repel missiles, quick
A: high mp 1, poison resistance, robust 1
a: End Transformation


You were on level 2 of the Spider Nest.
You were not hungry.
You were a stone statue.
You visited 4 branches of the dungeon, and saw 25 of its levels.
You visited 1 bazaar.
You also visited: Sewer, Gauntlet and Volcano.

You collected 2514 gold pieces.
You spent 974 gold pieces at shops.

Inventory:

Hand Weapons
 p - a +3 war axe of venom (weapon)
Missiles
 t - 123 stones (quivered)
Armour
 i - a +0 helmet (worn)
 F - a scarf of repulsion (worn)
 J - a +4 troll leather armour (melded)
 K - a +0 pair of boots (melded)
 W - the +3 pair of gloves of Xixzets (melded) {rElec rF++}
   (You found it on level 2 of the Spider Nest)

   It greatly protects you from fire.
   It insulates you from electricity.
Magical Staves
 B - an uncursed staff of energy
Jewellery
 e - an uncursed ring of stealth
 f - an uncursed ring of resist corrosion {unknown}
 v - the amulet "Kuwkeir" (around neck) {Acrobat Int+4}
   (You found it in a Gauntlet)

   [amulet of the acrobat]

   It helps you evade while moving and waiting.
   It affects your intelligence (+4).
 L - an uncursed ring of poison resistance
 N - a ring of magical power (left hand)
 P - a cursed amulet of inaccuracy {unknown}
 Q - a cursed -3 ring of dexterity
 S - an uncursed ring of protection from fire
 Z - a +3 ring of intelligence (right hand)
Wands
 g - a wand of paralysis (27)
 l - a wand of flame (31)
 r - a wand of random effects (42)
 C - a wand of polymorph (12)
 E - a wand of digging (4)
 H - a wand of disintegration (9)
Scrolls
 b - 3 scrolls of immolation
 h - a scroll of noise
 j - 9 scrolls of teleportation
 k - 3 scrolls of amnesia
 n - 5 scrolls of fog
 o - 5 scrolls of remove curse
 q - 2 scrolls of enchant armour
 s - a scroll of vulnerability
 O - a scroll of summoning
 R - 2 scrolls of brand weapon
 U - 2 scrolls of holy word
Potions
 c - a potion of resistance
 m - 6 potions of curing
 u - 3 potions of flight
 w - 3 potions of haste
 x - a potion of magic
 z - a potion of mutation
 A - a potion of might
 G - 2 potions of lignification
 M - 2 potions of berserk rage
 V - 3 potions of brilliance
Miscellaneous
 y - a lightning rod (inert)
 T - a phantom mirror
Comestibles
 d - 23 rations


   Skills:
 - Level 4.1 Fighting
 - Level 1.7 Dodging
 - Level 1.7 Stealth
 - Level 13.5 Spellcasting
 - Level 0.8 Transmutations
 * Level 20.4 Earth Magic


You had 7 spell levels left.
You knew the following spells:

 Your Spells              Type           Power        Failure   Level  Hunger
a - Sandblast             Erth           ######       0%          1    None
b - Stone Arrow           Conj/Erth      ######       1%          3    None
c - Lee's Rapid Deconstr  Erth           ########..   0%          5    None
d - Petrify               Tmut/Erth      #######.     1%          4    None
e - Blink                 Tloc           N/A          2%          2    None
f - Statue Form           Tmut/Erth      #######..    3%          6    ###....
g - Shatter               Erth           ########..   38%         9    #######
h - Leda's Liquefaction   Hex/Erth       #######...   1%          4    None

Your spell library contained the following spells:

 Spells                   Type           Power        Failure   Level  Hunger
 Apportation              Tloc           ###...       1%          1    None
 Confusing Touch          Hex            ###...       1%          1    None
 Flame Tongue             Conj/Fire      ###..        1%          1    None
 Magic Dart               Conj           ###.         1%          1    None
 Shock                    Conj/Air       ###.         1%          1    None
 Summon Butterflies       Summ           ###.....     1%          1    None
 Summon Small Mammal      Summ           ###.         1%          1    None
 Passwall                 Tmut/Erth      #######.     1%          2    None
 Call Imp                 Summ           ###.....     2%          2    None
 Slow                     Hex            ###.....     2%          2    None
 Swiftness                Chrm/Air       ###.....     2%          2    None
 Throw Flame              Conj/Fire      ###...       2%          2    None
 Bolt of Magma            Conj/Fire/Erth ######....   3%          5    None
 Iron Shot                Conj/Erth      #######...   4%          6    ###....
 Confuse                  Hex            ###.....     5%          3    None
 Conjure Flame            Conj/Fire      ###.....     5%          3    None
 Gell's Gravitas          Tloc           ###.......   5%          3    None
 Inner Flame              Hex/Fire       ###.....     5%          3    None
 Lesser Beckoning         Tloc           ###.......   5%          3    None
 Mephitic Cloud           Conj/Pois/Air  ###.....     5%          3    None
 Static Discharge         Conj/Air       ###.....     5%          3    None
 Tukima's Dance           Hex            ###.....     5%          3    None
 Airstrike                Air            ###.......   19%         4    None
 Passage of Golubria      Tloc           N/A          19%         4    None
 Sticky Flame             Conj/Fire      ###.....     19%         4    None
 Alistair's Intoxication  Tmut/Pois      ####....     41%         5    None
 Yara's Violent Unravell  Hex/Tmut       ####......   41%         5    None
 Fireball                 Conj/Fire      ###.......   45%         5    None
 Lightning Bolt           Conj/Air       ###.......   45%         5    None
 Metabolic Englaciation   Hex/Ice        ###.......   45%         5    None
 Summon Demon             Summ           ###.......   45%         5    None
 Invisibility             Hex            ###.....     96%         6    ###....
 Dragon's Call            Summ           ###.......   100%        9    #######


Dungeon Overview and Level Annotations

Branches:
Dungeon (15/15)            Temple (0/1) D:5            Lair (6/6) D:11
  Swamp (0/4) Lair:4       Spider (2/4) Lair:2        Slime (0/5) Lair:5
    Orc (2/2) D:12            Elf (0/3) Orc:2        Vaults (0/5) D:14
 Depths (0/5) D:15          Sewer (visited)         Volcano (visited)
Gauntlet (visited)

Shops:
D:8 :   D:9 [   D:11 :}[=   Orc:2 ([%(

Annotations:
D:14 2 transporters, night's ghost, adept TrFi


Innate Abilities, Weirdness & Mutations

You have an increased reservoir of magic. (+10% MP)
Your system is resistant to poisons. (rPois)
You are robust. (+10% HP)


Message History

You feel clumsy. Something hits you!
* * * LOW HITPOINT WARNING * * *
You feel dopey.
Something stings you but does no damage.
The jumping spider pounces on you but does no damage.
The jumping spider barely misses you.
Unknown command.
Okay, then.
You feel better. The jumping spider pounces on you!
* * * LOW HITPOINT WARNING * * *
You are even more entangled.
The jumping spider closely misses you. Something hits you!
* * * LOW HITPOINT WARNING * * *
Something hits you but does no damage.
Something stings you but does no damage.
The jumping spider pounces on you but does no damage.
The jumping spider bites you but does no damage.
The jumping spider pounces on you.
You die...

......#####.#.####....
........####......#
.........##.##..###
........#...###.###
............# #...# ..
......#####..###^.###.#
.....## #..###.....#
#...# ...##.....## ##.#
.#..#s8##.# ##
.%....†{s# .#
........## ## ......s.#
........# .........
.......## ......#


You could see an orb spider and 2 jumping spiders.

Vanquished Creatures
  Arachne (Spider:2)
  Gastronok (D:11)
  Aizul (Spider:2)
  2 emperor scorpions
  A minotaur (Gauntlet)
  4 hydras
  6 centaur warriors
  A catoblepas (D:14)
  Erica (D:8)
  6 two-headed ogres
  A death knight (D:13)
  2 thrashing horrors (Gauntlet)
  3 orc high priests (Orc:2)
  Urug (Lair:3)
  A hell knight (Volcano)
  Sonja (Lair:3)
  A deep elf knight (D:15)
  13 spriggans (Lair:6)
  A sixfirhy (Gauntlet)
  3 skeletal warriors (D:12)
  A glowing orange brain (shapeshifter) (D:14)
  6 orc knights
  A deep elf mage (D:12)
  8 orb spiders
  5 orc sorcerers
  An ugly thing (D:13)
  12 wolf spiders
  5 cyclopes
  7 oklob plants
  A slime creature (D:14)
  4 elephants (Lair:3)
  A manticore (D:13)
  Maurice (D:13)
  A torpor snail (Spider:1)
  A black mamba (Lair:5)
  2 molten gargoyles (Volcano)
  A gargoyle (D:13)
  A minotaur zombie (Gauntlet)
  9 spiny frogs
  3 rime drakes (Lair:4)
  A yaktaur (Volcano)
  7 komodo dragons
  2 efreet (D:14)
  6 demonic crawlers
  18 jumping spiders
  A harpy zombie (D:14)
  6 trolls
  10 hornets
  8 polar bears
  14 blink frogs
  A bog body (Lair:4)
  9 hippogriffs
  A dream sheep (Lair:6)
  A spriggan (shapeshifter) (D:14)
  Sigmund (D:4)
  A centaur simulacrum (Gauntlet)
  3 wyverns
  A wraith (D:14)
  24 redbacks
  39 yaks
  13 tarantellas
  2 water elementals (D:14)
  A shadow (D:14)
  2 basilisks
  7 fire bats
  6 hungry ghosts
  2 fire elementals (Lair:3)
  A hog (shapeshifter) (D:14)
  A steam dragon (D:7)
  6 vampire mosquitoes
  Menkaure (D:5)
  The ghost of Kohma the Caller, an amateur MfSu of Ashenzari (D:4)
  A warg (Orc:1)
  Duvessa (D:5)
  8 porcupines
  11 water moccasins
  20 orc warriors
  A meliai simulacrum (Gauntlet)
  4 phantoms
  Purgy (Sewer)
  3 sky beasts
  16 ice beasts
  4 black bears
  4 boggarts (Lair:6)
  An eye of draining (D:12)
  A necrophage (D:14)
  23 wolves
  An eye of draining (shapeshifter) (D:13)
  7 ogres
  19 centaurs
  7 crocodiles
  A big kobold (D:14)
  16 bullfrogs
  4 small abominations (Gauntlet)
  3 gnoll sergeants
  Dowan (D:5)
  A wyvern skeleton (D:10)
  10 scorpions
  A hornet simulacrum (Gauntlet)
  A water moccasin skeleton (D:9)
  3 troll zombies (D:12)
  4 howler monkeys
  4 electric eels (D:10)
  7 lava snakes
  8 crimson imps
  A bullfrog zombie (D:11)
  3 quasits
  5 jellies
  Crazy Yiuf (D:6)
  3 centaur zombies
  13 hounds
  19 orc priests
  Jessica (D:2)
  10 centaur skeletons
  6 hell rats (Lair:3)
  An iguana (D:8)
  Ijyb (D:4)
  10 worker ants
  Natasha (thrice) (D:2)
  28 orc wizards
  4 ogre zombies (D:12)
  3 hound skeletons
  A howler monkey skeleton (D:4)
  A howler monkey zombie (D:7)
  2 worker ant zombies
  10 adders
  16 gnolls
  4 shadow imps
  3 ufetubi (Gauntlet)
  An ooze (D:2)
  An adder zombie (D:8)
  5 adder skeletons
  3 worms
  5 dart slugs
  4 leopard geckos
  77 orcs
  8 giant cockroaches
  5 goblins
  9 hobgoblins
  7 jackals (D:1)
  12 kobolds
  5 quokkas
  5 ball pythons
  5 bats
  5 frilled lizards
  2 goblin skeletons (D:12)
  2 goblin zombies (D:12)
  A hobgoblin skeleton (D:12)
  3 hobgoblin zombies (D:12)
  A jackal zombie (D:6)
  2 leopard gecko skeletons
  An orc skeleton (D:12)
  16 orc zombies (D:12)
  A quokka skeleton (D:4)
  8 rats
  2 fungi (Lair:6)
  20 plants
881 creatures vanquished.

Vanquished Creatures (collateral kills)
  A skeletal warrior (D:12)
  An orb spider (Spider:1)
  2 demonic crawlers (Spider:1)
  A yak (D:12)
  An eye of draining (shapeshifter) (D:15)
  A centaur (D:15)
  An ogre zombie (D:12)
8 creatures vanquished.

Vanquished Creatures (others)
  A tarantella (Spider:1)
  A centaur (D:13)
  An orc wizard (Orc:2)
  An orc (Orc:2)
  29 fungi
  13 plants
46 creatures vanquished.

Grand Total: 935 creatures vanquished

Notes
Turn   | Place    | Note
-------+----------+-------------------------------------------
     0 | D:1      | Johnny the Demigod Earth Elementalist began the quest for
                  | the Orb.
     0 | D:1      | Reached XP level 1. HP: 14/14 MP: 5/5
   237 | D:1      | Reached skill level 3 in Earth Magic
   259 | D:1      | Reached XP level 2. HP: 19/22 MP: 1/7
   631 | D:1      | Reached skill level 1 in Fighting
   794 | D:1      | Reached XP level 3. HP: 28/28 MP: 8/8
  1042 | D:2      | Found a snail-covered altar of Cheibriados.
  1043 | D:2      | Found a glowing golden altar of the Shining One.
  1045 | D:2      | Found a shadowy altar of Dithmenos.
  1046 | D:2      | Found a shattered altar of Ashenzari.
  1101 | D:2      | Noticed Jessica
  1111 | D:2      | Killed Jessica
  1111 | D:2      | Reached XP level 4. HP: 25/35 MP: 1/10
  1272 | D:2      | Noticed Natasha
  1281 | D:2      | Killed Natasha
  1281 | D:2      | Reached skill level 4 in Earth Magic
  1296 | D:2      | Noticed Natasha
  1303 | D:2      | Killed Natasha
  1411 | D:2      | Noticed Natasha
  1422 | D:2      | Killed Natasha
  1748 | D:2      | Reached XP level 5. HP: 20/41 MP: 8/12
  2381 | D:3      | Found a glowing silver altar of Zin.
  2488 | D:3      | Found a glowing drain.
  2526 | Sewer    | Entered a sewer
  2540 | Sewer    | Noticed Purgy
  2545 | Sewer    | Killed Purgy
  3543 | D:4      | Reached skill level 5 in Earth Magic
  3543 | D:4      | Reached XP level 6. HP: 33/50 MP: 8/13
  3650 | D:4      | Noticed Ijyb
  3666 | D:4      | Gained mutation: You are robust. (+10% HP) [potion of
                  | mutation]
  3666 | D:4      | Gained mutation: Your system is resistant to poisons.
                  | (rPois) [potion of mutation]
  3670 | D:4      | Killed Ijyb
  4022 | D:4      | Found an opulent altar of Gozag.
  4080 | D:4      | Reached XP level 7. HP: 50/62 MP: 11/15
  4129 | D:4      | Found a runed translucent door.
  4130 | D:4      | Noticed Kohma's ghost (amateur MfSu)
  4615 | D:4      | Noticed Sigmund
  4620 | D:4      | Killed Sigmund
  4620 | D:4      | Reached skill level 6 in Earth Magic
  4685 | D:4      | Killed Kohma's ghost
  4774 | D:5      | Entered Level 5 of the Dungeon
  5137 | D:5      | Learned a level 3 spell: Stone Arrow
  5143 | D:5      | Learned a level 5 spell: Lee's Rapid Deconstruction
  5148 | D:5      | Learned a level 4 spell: Petrify
  5155 | D:5      | Found a staircase to the Ecumenical Temple.
  5187 | D:5      | Noticed Menkaure
  5211 | D:5      | Killed Menkaure
  5211 | D:5      | Reached skill level 7 in Earth Magic
  5211 | D:5      | Reached XP level 8. HP: 72/72 MP: 7/18
  5477 | D:5      | Noticed Duvessa
  5497 | D:5      | Noticed Dowan
  5512 | D:5      | Killed Duvessa
  5512 | D:5      | Reached skill level 5 in Spellcasting
  5527 | D:5      | Killed Dowan
  5527 | D:5      | Reached skill level 8 in Earth Magic
  5911 | D:6      | Found a radiant altar of Vehumet.
  6063 | D:6      | Noticed a hornet
  6070 | D:6      | Killed a hornet
  6751 | D:6      | Found a runed translucent door.
  6752 | D:6      | Noticed Crazy Yiuf
  6852 | D:6      | Reached skill level 9 in Earth Magic
  7035 | D:6      | Killed Crazy Yiuf
  7035 | D:6      | Reached XP level 9. HP: 78/78 MP: 10/21
  7595 | D:7      | Found an iron altar of Okawaru.
  7652 | D:7      | Found a sparkling altar of Nemelex Xobeh.
  7656 | D:7      | Found an ornate altar of the Wu Jian Council.
  7910 | D:7      | Found a white marble altar of Elyvilon.
  8098 | D:7      | Found a sacrificial altar of Ru.
  8470 | D:8      | Reached skill level 10 in Earth Magic
  8500 | D:8      | Found Nikh's Book Shoppe.
  8535 | D:8      | Found an ancient bone altar of Kikubaaqudgha.
  8590 | D:8      | Learned a level 6 spell: Statue Form
  8590 | D:8      | Bought a book of Minor Magic for 200 gold pieces
  8640 | D:8      | Noticed Erica
  8644 | D:8      | Killed Erica
  9236 | D:9      | Noticed a two-headed ogre
  9244 | D:9      | Killed a two-headed ogre
  9244 | D:9      | Reached skill level 11 in Earth Magic
  9244 | D:9      | Reached XP level 10. HP: 6/85 MP: 16/25
 10669 | D:9      | Found Muse's Armour Shop.
 10672 | D:9      | Bought a scarf of repulsion for 144 gold pieces
 10761 | D:10     | Entered Level 10 of the Dungeon
 10777 | D:9      | Reached skill level 12 in Earth Magic
 10813 | D:9      | Learned a level 2 spell: Blink
 11037 | D:10     | Noticed a two-headed ogre
 11043 | D:10     | Killed a two-headed ogre
 12401 | D:11     | Found Ovarunis's Book Boutique.
 12408 | D:11     | Noticed a cyclops
 12412 | D:11     | Killed a cyclops
 12412 | D:11     | Reached XP level 11. HP: 92/92 MP: 11/27
 12428 | D:11     | Found Tufat's Armour Shop.
 12489 | D:11     | Noticed Gastronok
 12493 | D:11     | Noticed a six-headed hydra
 12569 | D:11     | Noticed a two-headed ogre
 12571 | D:11     | Found a flickering gateway to a bazaar.
 12582 | Bazaar   | Entered a bazaar
 12729 | Bazaar   | Found Uruemom's Armour Boutique.
 12795 | Bazaar   | Found Ceut's Food Boutique.
 12819 | Bazaar   | Found Xuarghua's Antique Armour Shoppe.
 12858 | Bazaar   | Found Tuugamuf's General Store.
 12894 | Bazaar   | Found Goklo's General Store.
 12934 | Bazaar   | Bought a potion of haste for 70 gold pieces
 12934 | Bazaar   | Bought a potion of haste for 70 gold pieces
 12934 | Bazaar   | Bought 2 potions of lignification for 42 gold pieces
 12977 | D:11     | Killed a two-headed ogre
 12995 | D:11     | Reached skill level 13 in Earth Magic
 13068 | D:11     | Killed a six-headed hydra
 13545 | D:11     | Noticed a two-headed ogre
 13555 | D:11     | Killed a two-headed ogre
 13740 | D:11     | Found Irphor's Jewellery Emporium.
 13895 | D:11     | Found a staircase to the Lair.
 13922 | D:11     | Killed Gastronok
 14037 | D:11     | Found Wuidy's Gadget Emporium.
 14429 | D:12     | Reached skill level 14 in Earth Magic
 14516 | D:12     | Found a gate leading to a gauntlet.
 14525 | Gauntlet | Entered a Gauntlet
 14525 | Gauntlet | Found a transporter.
 14525 | Gauntlet | Found a transporter.
 14525 | Gauntlet | Found a transporter.
 14526 | Gauntlet | Noticed a sixfirhy
 14681 | Gauntlet | Noticed a necromancer
 14682 | Gauntlet | Found a transporter.
 14686 | Gauntlet | Found a transporter.
 14691 | Gauntlet | Found a transporter.
 14693 | Gauntlet | Found a transporter.
 14695 | Gauntlet | Found a transporter.
 14697 | Gauntlet | Found a transporter.
 14697 | Gauntlet | Found a transporter.
 14705 | Gauntlet | Found a transporter.
 14705 | Gauntlet | Noticed a thrashing horror
 14706 | Gauntlet | Found a transporter.
 14714 | Gauntlet | Noticed a thrashing horror
 14878 | Gauntlet | Killed a sixfirhy
 15166 | Gauntlet | Killed a thrashing horror
 15171 | Gauntlet | Killed a thrashing horror
 15171 | Gauntlet | Reached XP level 12. HP: 99/100 MP: 3/30
 15333 | Gauntlet | Noticed a minotaur
 15344 | Gauntlet | Killed a minotaur
 15344 | Gauntlet | Reached skill level 10 in Spellcasting
 15438 | Gauntlet | Identified the Papyrus of the Voyage and the Escort
 15439 | Gauntlet | Got a pitted garnet amulet
 15443 | Gauntlet | Identified the amulet "Kuwkeir" {Acrobat Int+4} (You found
                  | it in a Gauntlet)
 16166 | D:12     | Reached skill level 15 in Earth Magic
 16389 | D:12     | Found a staircase to the Orcish Mines.
 17108 | D:13     | Noticed a death knight
 17134 | D:13     | Noticed a centaur warrior
 17137 | D:13     | Killed a centaur warrior
 17580 | D:13     | Noticed Maurice
 17586 | D:13     | Killed Maurice
 17992 | D:13     | Killed a death knight
 18167 | D:13     | Reached skill level 16 in Earth Magic
 18216 | D:13     | You fall into a shaft and drop 2 floors!
 18216 | D:15     | Entered Level 15 of the Dungeon
 18237 | D:15     | Noticed a centaur warrior
 18257 | D:15     | Killed a centaur warrior
 18264 | D:15     | Reached XP level 13. HP: 52/105 MP: 18/32
 19207 | D:14     | Found a transporter.
 19219 | D:14     | Noticed night's ghost (adept TrFi)
 19675 | D:13     | You fall into a shaft and drop 2 floors!
 20160 | D:14     | Found a transporter.
 20645 | D:14     | Found a gate to the Vaults.
 20948 | D:13     | Learned a level 9 spell: Shatter
 21313 | Orc:1    | Entered Level 1 of the Orcish Mines
 21633 | Orc:1    | Reached skill level 17 in Earth Magic
 22004 | Orc:2    | Entered Level 2 of the Orcish Mines
 22261 | Orc:2    | Found a staircase to the Elven Halls.
 23268 | Orc:2    | Paralysed by an orc sorcerer for 3 turns
 23272 | Orc:2    | Found Figuim's Armour Shoppe.
 23272 | Orc:2    | Found Zoeneih's Antique Weapon Shop.
 23302 | Orc:2    | Found Qokoeta's Antique Weapon Shoppe.
 23302 | Orc:2    | Found Haxkoc's Food Shop.
 23367 | Orc:2    | Bought a +0 pair of gloves for 54 gold pieces
 23367 | Orc:2    | Bought a +0 pair of boots for 54 gold pieces
 23521 | Lair:1   | Entered Level 1 of the Lair of Beasts
 24054 | Lair:1   | Found a dark tunnel.
 24064 | Volcano  | Entered a volcano
 24377 | Volcano  | Found a bloodstained altar of Trog.
 24381 | Volcano  | Reached XP level 14. HP: 111/114 MP: 21/35
 24934 | Lair:2   | Found a hole to the Spider Nest.
 25249 | Lair:2   | Reached skill level 18 in Earth Magic
 25382 | Lair:2   | Found an ancient bone altar of Kikubaaqudgha.
 25726 | Lair:3   | Got a smoking cloak
 25728 | Lair:3   | Identified the +4 cloak of the Arcane {-Cast rPois MR+++
                  | Int-5} (You found it on level 3 of the Lair of Beasts)
 25981 | Lair:3   | Noticed Urug
 25989 | Lair:3   | Killed Urug
 26080 | Lair:3   | Noticed Sonja
 26107 | Lair:3   | Killed Sonja
 27256 | Lair:4   | Found a staircase to the Swamp.
 27654 | Lair:4   | Found a frozen archway.
 27957 | Lair:5   | Found a staircase to the Slime Pits.
 28958 | Lair:6   | Entered Level 6 of the Lair of Beasts
 29412 | Lair:6   | Reached skill level 19 in Earth Magic
 30088 | Lair:6   | Reached XP level 15. HP: 55/121 MP: 25/37
 31033 | Spider:1 | Entered Level 1 of the Spider Nest
 31170 | D:11     | Bought an uncursed ring of magical power for 340 gold
                  | pieces
 32365 | Spider:1 | Reached skill level 20 in Earth Magic
 33192 | Spider:2 | Learned a level 4 spell: Leda's Liquefaction
 33373 | Spider:2 | Noticed Aizul
 33381 | Spider:2 | Killed Aizul
 33691 | Spider:2 | Got a pair of bloodstained gloves
 33702 | Spider:2 | Identified the +3 pair of gloves of Xixzets {rElec rF++}
                  | (You found it on level 2 of the Spider Nest)
 33726 | Spider:2 | Noticed Arachne
 33764 | Spider:2 | Killed Arachne
 33939 | Spider:2 | HP: 1/157 [something (10)]
 33939 | Spider:2 | Slain by a jumping spider

Levels and vault maps discovered:
D:1:      psy_arrival_dodecagon, layout_loops_ring, serial_park_tiny_pond
D:2:      layout_basic, chequers_temple_overflow_statue_of_worship,
          uniq_natasha, uniq_jessica
D:3:      layout_loops_corners, nicolae_overflow_hidden_temple,
          cheibrodos_sewer_entry_drain
D:4:      layout_loops_ring, lemuel_coloured_pillars_altar,
          ebering_ghost_inner_flame, first_ration, uniq_ijyb, uniq_sigmund
D:5:      layout_rooms, minmay_temple_entry_stoned_glass, uniq_duvessa,
          uniq_menkaure
D:6:      layout_basic, vehumet_altar_wand_db, chequers_decorated_corner,
          uniq_crazy_yiuf_cottage
D:7:      layout_loops_ring, elyvilon_altar_1, kennysheep_little_box,
          old_standard_altar, grunt_temple_overflow_open
D:8:      layout_loops_corners, old_standard_altar, serial_shops,
          nicolae_shop_window_shopping, uniq_erica
D:9:      layout_loops_ring, serial_shops, shop
D:10:     layout_basic
D:11:     layout_loops_corners, grunt_lair_entry_orc_guard_hut, serial_shops,
          bzr_entry_customers, nicolae_shop_statue_plus, shop, shop, shop,
          uniq_gastronok
D:12:     layout_loops_ring, zombieorc2_lemuel, gauntlet_entry_generic
D:13:     layout_stronghold, grunt_decor_cap, uniq_maurice
D:14:     layout_long_grid, david_vaults_2, serial_bayou_lagoon_a,
          gammafunk_ghost_berserking_beasts
D:15:     hangedman_depths_entry_civil_slaughter, layout_long_grid,
          nicolae_lava_and_water, hangedman_cracks_in_the_wall
Lair:1:   layout_chaotic_city, nicolae_volcano_entry_two_sided,
          minmay_lair_oklob_chamber, lemuel_fruit_tree, grunt_megastairs_5
Lair:2:   layout_chaotic_city, nicolae_spider_entry_non_spiders, basic_altar,
          chequers_serial_rivers_micro_c
Lair:3:   minmay_lair_oklob_tunnel, layout_chaotic_city,
          chequers_serial_rivers_micro_e, uniq_sonja, uniq_urug
Lair:4:   layout_loops_ring, skrybe_swamp_entry_bodies,
          portal_ice_cave_entry_ice_beasts, minmay_lair_drake_nest
Lair:5:   layout_roguey, minmay_slime_entry_oklob_enclosed,
          infiniplex_staircase_pool
Lair:6:   minmay_lair_end_enchanted_forest, layout_layer_cave,
          infiniplex_staircase_pool_2, grunt_megastairs_1
Spider:1: layout_spider_delve, drop_trap
Spider:2: layout_chambers, uniq_aizul, uniq_arachne
Orc:1:    layout_caves, nicolae_orc_bridge_out
Orc:2:    grunt_orc_tribal_feast, layout_diamond_mine

Skill      XL: |  1  2  3  4  5  6  7  8  9 10 11 12 13 14 15 |
---------------+----------------------------------------------+-----
Earth Magic    | 3 4 5 7 9 11 12 14 16 17 19 20 | 20.4
Spellcasting   | 2 3 4 5 7 8 9 11 12 13 | 13.5
Fighting       | 1 2 3 4 |  4.1
Dodging        | |  1.7
Stealth        | |  1.7
Transmutations | |  0.8

Action                   |  1- 3 |  4- 6 |  7- 9 | 10-12 | 13-15 || total
-------------------------+-------+-------+-------+-------+-------++-------
Melee: Unarmed           |    38 |       |       |       |       ||    38
       Club              |    18 |    89 |       |       |       ||   107
       Dagger            |       |     5 |   141 |       |       ||   146
       War axe           |       |       |   128 |   309 |   662 ||  1099
       Demon blade       |       |       |       |       |    16 ||    16
Throw: Stone             |       |       |     1 |       |     1 ||     2
 Cast: Sandblast         |    42 |    77 |    32 |   107 |   182 ||   440
       Stone Arrow       |       |       |    26 |    19 |   100 ||   145
       Lee's Rapid Decon |       |       |    22 |   116 |   166 ||   304
       Blink             |       |       |       |     1 |    26 ||    27
       Statue Form       |       |       |       |       |    74 ||    74
       Petrify           |       |       |       |       |    19 ||    19
 Abil: End Transformatio |       |       |       |       |     1 ||     1
Evoke: Wand              |       |       |     2 |    32 |    17 ||    51
       Box of beasts     |       |       |       |     3 |     3 ||     6
       Sack of spiders   |       |       |       |     2 |       ||     2
       Lightning rod     |       |       |       |       |    15 ||    15
  Use: Potion            |       |    10 |     5 |     6 |    11 ||    32
       Scroll            |       |       |     8 |    12 |    23 ||    43
 Stab: Sleeping          |     4 |    14 |    13 |     6 |     9 ||    46
       Distracted        |       |       |     1 |     2 |       ||     3
       Petrifying        |       |       |       |       |     1 ||     1
       Petrified         |       |       |       |       |     5 ||     5
  Eat: Chunk             |     1 |     9 |    20 |    22 |    38 ||    90
       Ration            |       |       |     1 |     8 |     9 ||    18
Armor: Robe              |    12 |    26 |    90 |   137 |    20 ||   285
       Skin              |       |       |    25 |    40 |  1534 ||  1599
       Troll leather arm |       |       |       |       |    81 ||    81
Dodge: Dodged            |    59 |   109 |   176 |   371 |  1629 ||  2344
       Deflected         |       |       |       |    11 |    29 ||    40
       Rpst.: Demon blade |       |       |       |       |     5 ||     5

Table legend:
 A = Non-vault XP
 B = Vault XP
 C = Vault XP percentage of total XP
 D = Non-vault monster count
 E = Vault monster count
 F = Vault count percentage of total count
                 A         B        C        D         E       F
            +---------+---------+-------+---------+---------+-------
      Total |  110871 |   49696 |  31.0 |     656 |     212 |  24.4
            +---------+---------+-------+---------+---------+-------
        D:1 |      55 |       0 |   0.0 |      28 |       0 |   0.0
        D:2 |     128 |      72 |  36.0 |      21 |       2 |   8.7
        D:3 |      51 |       5 |   8.9 |      19 |       3 |  13.6
        D:4 |     496 |     560 |  53.0 |      22 |       4 |  15.4
        D:5 |     588 |     400 |  40.5 |      18 |       3 |  14.3
        D:6 |     827 |      41 |   4.7 |      14 |       2 |  12.5
        D:7 |    1079 |       0 |   0.0 |      22 |       0 |   0.0
        D:8 |     858 |     923 |  51.8 |      14 |       1 |   6.7
        D:9 |    3549 |       0 |   0.0 |      42 |       0 |   0.0
       D:10 |    2937 |       0 |   0.0 |      43 |       0 |   0.0
       D:11 |    5431 |    2853 |  34.4 |      35 |       8 |  18.6
       D:12 |    9711 |     727 |   7.0 |      41 |      36 |  46.8
       D:13 |   11082 |     472 |   4.1 |      35 |       1 |   2.8
       D:14 |    6795 |    1094 |  13.9 |      28 |       3 |   9.7
       D:15 |    1803 |     901 |  33.3 |       7 |       2 |  22.2
     Lair:1 |    1533 |    1150 |  42.9 |       7 |       4 |  36.4
     Lair:2 |    5452 |     612 |  10.1 |      29 |       8 |  21.6
     Lair:3 |    5467 |    3853 |  41.3 |      25 |       6 |  19.4
     Lair:4 |    5629 |    2415 |  30.0 |      18 |      12 |  40.0
     Lair:5 |    3078 |    1107 |  26.5 |      13 |       2 |  13.3
     Lair:6 |    6317 |   10599 |  62.7 |      25 |      49 |  66.2
   Spider:1 |   23887 |       0 |   0.0 |      71 |       0 |   0.0
   Spider:2 |    8187 |    5176 |  38.7 |      18 |       2 |  10.0
      Orc:1 |    3393 |       0 |   0.0 |      24 |       0 |   0.0
      Orc:2 |    2538 |    7680 |  75.2 |      37 |      28 |  43.1
      Sewer |       0 |     139 | 100.0 |       0 |       6 | 100.0
    Volcano |       0 |    3949 | 100.0 |       0 |      15 | 100.0
   Gauntlet |       0 |    4968 | 100.0 |       0 |      15 | 100.0
            +---------+---------+-------+---------+---------+-------
